 Dungeon Crawl Stone Soup version 0.32-a0-616-g9348d4545b (webtiles) character file.

Game seed: 15452424064324718987

926 ezpacito the Trooper (level 8, -2/67 HPs)
             Began as a Coglin Chaos Knight on Mar 5, 2024.
             Was a Plaything of Xom.
             Succumbed to a gnoll sergeant's poison
             ... on level 5 of the Dungeon.
             The game lasted 00:07:41 (4769 turns).

ezpacito the Trooper (Coglin Chaos Knight)          Turns: 4769, Time: 00:07:42

Health: -2/67      AC:  3    Str: 16    XL:     8   Next: 10%
Magic:  10/10      EV: 12    Int: 18    God:    Xom [.....*]
Gold:   90         SH:  0    Dex: 12    Spells: 10/10 levels left

rFire   x . .        o - +6 dagger of Famine {heavy, rF- Str+2 Int+2}
rCold   . . .        a - +0 hand axe (chaos) {Wu}
rNeg    . . .        d - +1 robe "Qom Kier" {Slay+2}
rPois   .            (helmet restricted)
rElec   .            (no cloak)
rCorr   .            (no gloves)
SInv    .            (no boots)
Will    .....        (amulet unavailable)
Stlth   ++           (ring unavailable)
HPRegen 0.31/turn    (ring unavailable)
MPRegen 0.12/turn    (no gizmo)

%: clarity
@: lethally poisoned (-2 -> -18), revving
A: off-hand wielding, slow wielding, warmup strikes, no jewellery, antennae 1,
clarity, clever 1, robust 1
a: Invent Gizmo, Renounce Religion


You were on level 5 of the Dungeon.
You worshipped Xom.
You were Xom's teddy bear.
You visited 1 branch of the dungeon, and saw 5 of its levels.

You collected 230 gold pieces.
You spent 140 gold pieces at shops.

Inventory:

Hand Weapons
 a - a +0 hand axe of chaos (offhand) {Wu}
 k - a +0 trident
 o - the +6 dagger of Famine (weapon) {heavy, rF- Str+2 Int+2}
   (You found it on level 2 of the Dungeon)

   Str+2:     It affects your strength (+2).
   Int+2:     It affects your intelligence (+2).
   rF-:       It makes you vulnerable to fire.
Missiles
 b - 7 poisoned darts (quivered)
 w - 2 boomerangs
Armour
 d - the +1 robe "Qom Kier" (worn) {Slay+2}
   (You found it on level 3 of the Dungeon)

   Slay+2:    It affects your accuracy & damage with ranged weapons and melee
   (+2).
 h - a +0 chain mail
Talismans
 v - a blade talisman
Wands
 n - a wand of paralysis (12)
Scrolls
 e - a scroll of fog {unknown}
 f - 3 scrolls of blinking {unknown}
 g - a scroll of enchant weapon {unknown}
 j - a scroll of immolation {unknown}
 m - 2 scrolls of revelation {unknown}
 p - 2 scrolls of silence
 r - 2 scrolls of poison {unknown}
 s - a scroll of torment {unknown}
 t - 3 scrolls of teleportation
 x - a scroll of fear {unknown}
Potions
 i - a potion of might {unknown}
 l - a potion of magic
 q - a potion of curing
 u - 3 potions of mutation


   Skills:
 * Level 4.6 Fighting
 * Level 4.6(4.9) Axes
 + Level 2.2(3.5) Polearms
 * Level 3.7 Armour
 * Level 3.3 Dodging
 + Level 2.0 Stealth
 + Level 1.9 Spellcasting
 + Level 2.6 Evocations


You had 10 spell levels left.
You didn't know any spells.
Your spell library contained the following spells:

 Spells                   Type           Power      Damage    Failure   Level
 Animate Armour           Summ/Erth      2%         N/A       88%         4
 Summon Lightning Spire   Summ/Air       1%         N/A       88%         4
 Lee's Rapid Deconstruct  Erth           0%         3d4*      99%         5


Dungeon Overview and Level Annotations

Branches:
Dungeon (5/15)
 Temple: D:4-7

Altars:
Xom

Shops:
D:4 (*:   D:5 *


Innate Abilities, Weirdness & Mutations

You can wield a second weapon in your off-hand.
It takes a long time for you to wield or remove held weapons.
Your first few attacks do less damage.
You cannot equip rings or amulets.
You have a pair of small antennae on your head.
You possess an exceptional clarity of mind.
Your mind is acute. (Int +4, Str/Dex -1)
You are robust. (+10% HP)


Message History

You hit the gnoll sergeant but do no damage.
You slash the gnoll sergeant with your +0 hand axe of chaos!
The gnoll sergeant flies into a frenzy!
You hit the gnoll with your +0 hand axe of chaos.
The gnoll convulses.
You closely miss the orc with your +0 hand axe of chaos.
You hit the orc with your +0 hand axe of chaos.
You kill the orc!
You feel very sick.
Your butterfly disappears in a burst of colours! x2
The gnoll sergeant hits you with a +2 trident of venom!!
* * * LOW HITPOINT WARNING * * *
A shower of butterflies erupts from you!
You are more poisoned.
The gnoll hits you with a +0 club.
* * * LOW HITPOINT WARNING * * *
The orc closely misses you.
The gnoll sergeant hits your butterfly with a +2 trident of venom!
Your butterfly dies!
Your butterfly disappears in a puff of smoke!
The gnoll closely misses you.
You take 31 damage, and have 7/67 hp.
MASSIVE DAMAGE!!
Okay, then.
As you read the scroll of butterflies, it crumbles to dust.
You hear the flapping of tiny wings.
Your butterfly is knocked back by the sudden gust. x5
The orc is knocked back by the sudden gust.
Your butterfly is knocked back by the sudden gust. x5
The gnoll sergeant is knocked back by the sudden gust.
The gnoll is knocked back by the sudden gust.
The orc is knocked back by the sudden gust.
Your butterfly is knocked back by the sudden gust. x4
* * * LOW HITPOINT WARNING * * *
You feel very sick.
Your butterfly disappears in a burst of colours!
The orc hits you but does no damage.
You take 5 damage, and have 2/67 hp.
You swap places.
You die...
Xom cackles wildly!

g)g..........# #
.............# .#
........<..b.' ..#
########.....##+#### ...#
......##.....##bb.b##b...#
......##...ob##bbbb......#
............bbgbbbbb.....#
.........b.bbbgbbbb.bbb..#
[........bbbbbob@b.bbbb..#
......##...))##bbbb##...##
......##..bb.##bb.b# ...#
............bb#.b..bb....#
......##......#...b.....$#
########..b.b.#..........#
......#......##...###...
......#......##...# ...
......#..........


You could see a gnoll (ally target), 2 orcs and a neutral gnoll sergeant (fast,
strong, frenzied, distracted, ally target).

Vanquished Creatures
  A scorpion (D:4)
  2 bombardier beetles
  4 orc priests
  A gnoll bouda (D:4)
  2 iguanas (D:4)
  Natasha (thrice) (D:4)
  2 sleepcaps (D:4)
  9 orc wizards
  11 gnolls
  4 adders
  4 ribbon worms
  4 dart slugs
  18 orcs
  A bat (D:3)
  10 endoplasms
  2 giant cockroaches
  9 goblins
  10 hobgoblins
  A quokka (D:1)
  5 ball pythons
  3 frilled lizards
  6 kobolds
  7 rats
119 creatures vanquished.

Notes
Turn   | Place    | Note
-------+----------+-------------------------------------------
     0 | D:1      | ezpacito the Coglin Chaos Knight began the quest for the
                  | Orb.
     0 | D:1      | Reached XP level 1. HP: 18/18 MP: 1/1
     1 | D:1      | XOM: silly message
    43 | D:1      | Found a faded altar of an unknown god.
    64 | D:1      | XOM: silly message
   103 | D:1      | Reached skill level 1 in Dodging
   132 | D:1      | Reached XP level 2. HP: 20/24 MP: 2/2
   495 | D:1      | XOM: potion effect (brilliance)
   500 | D:1      | XOM: swap monsters
   667 | D:2      | Identified the +6 dagger of Famine {heavy, rF- Str+2 Int+2}
   707 | D:2      | XOM: 2-stop teleportation journey
   766 | D:2      | Reached XP level 3. HP: 25/29 MP: 3/3
  1558 | D:2      | XOM is BORED!
  1558 | D:2      | XOM: stat loss: -3 Str (11/14)
  1694 | D:3      | Identified the +1 robe "Qom Kier" {Slay+2}
  1806 | D:3      | XOM: blink monster(s)
  1897 | D:3      | Reached XP level 4. HP: 34/35 MP: 4/4
  1944 | D:3      | XOM: 4-stop teleportation journey
  1962 | D:3      | Reached skill level 1 in Polearms
  1962 | D:3      | Reached XP level 5. HP: 41/41 MP: 4/6
  2103 | D:3      | XOM: 8-stop teleportation journey
  2107 | D:3      | XOM: scenery: 1 doors open
  2200 | D:3      | XOM: 8-stop teleportation journey
  2212 | D:3      | Reached skill level 1 in Stealth
  2589 | D:3      | XOM: divination: magic mapping
  2640 | D:4      | Noticed Natasha
  2640 | D:4      | Found Bakk's Weapon Shoppe.
  2640 | D:4      | Found Jatemukaox's General Store.
  2640 | D:4      | Found Zisih's Book Shoppe.
  2642 | D:4      | Killed Natasha
  2643 | D:4      | Reached skill level 1 in Spellcasting
  2733 | D:3      | XOM: give mutations
  2733 | D:3      | Gained mutation: Your mind is acute. (Int +4, Str/Dex -1)
                  | [Xom's grace]
  2733 | D:3      | Gained mutation: You have a pair of small antennae on your
                  | head. [Xom's grace]
  2735 | D:4      | XOM: butterfly on damage
  2740 | D:3      | Reached XP level 6. HP: 28/48 MP: 7/7
  2839 | D:4      | Reached skill level 1 in Evocations
  2856 | D:4      | Bought a scroll of identify for 28 gold pieces
  2856 | D:4      | Bought a potion of mutation for 112 gold pieces
  2880 | D:4      | XOM: summons 2 friendly demons
  3012 | D:4      | XOM: butterfly on damage
  3162 | D:4      | XOM: smoke on damage
  3343 | D:4      | Reached XP level 7. HP: 29/54 MP: 7/9
  3597 | D:4      | Noticed Natasha
  3605 | D:4      | Killed Natasha
  3690 | D:4      | XOM: god gift: scroll labelled CESIWN WEBON {god gift}
  3830 | D:4      | Noticed Natasha
  3833 | D:4      | Killed Natasha
  3920 | D:4      | XOM: cloud trail
  4153 | D:4      | XOM: give mutations
  4153 | D:4      | Gained mutation: You possess an exceptional clarity of
                  | mind. [Xom's grace]
  4153 | D:4      | Gained mutation: You are robust. (+10% HP) [Xom's grace]
  4156 | D:4      | XOM: god gift: potion of mutation
  4248 | D:4      | XOM: smoke on damage
  4267 | D:4      | XOM: scenery: create altars
  4301 | D:5      | Entered Level 5 of the Dungeon
  4487 | D:5      | Reached XP level 8. HP: 40/67 MP: 10/10
  4708 | D:5      | XOM: 5-stop teleportation journey
  4731 | D:5      | Found Xytacrept's Mass Market.
  4734 | D:5      | XOM: scenery: 1 doors open
  4767 | D:5      | XOM: butterfly on damage
  4768 | D:5      | HP: 2/67 [poisoned by a gnoll sergeant]
  4769 | D:5      | Succumbed to a gnoll sergeant's poison

Illustrated notes

Levels and vault maps discovered:
D:1:      dpeg_arrival_stone_temple_mockup, layout_loops_cross,
          ebering_ecumenical_altar_petrified, hex_medium
D:2:      layout_basic, fountainhead
D:3:      minmay_diamond_boxcup, layout_basic, minmay_quantized
D:4:      layout_loops_cross, nicolae_shop_distant_corner_stores,
          serial_park_tiny_2, uniq_natasha
D:5:      layout_gridville, minmay_shop_mass

Skill      XL: |  1  2  3  4  5  6  7 |
---------------+----------------------+-----
Dodging        | 1 2 3 |  3.3
Armour         | 2 3 |  3.7
Polearms       | 1 2 |  2.2
Stealth        | 1 2 |  2.0
Spellcasting   | 1 |  1.9
Evocations     | 1 2 |  2.6
Fighting       | 4 |  4.6
Axes           | 4 |  4.6

Action                     |  1- 3 |  4- 6 |  7- 9 || total
---------------------------+-------+-------+-------++-------
  Melee: Hand axe          |    58 |    64 |    55 ||   177
         Dagger            |    58 |    68 |    60 ||   186
    Use: Potion            |       |     5 |     4 ||     9
         Scroll            |       |     2 |     5 ||     7
   Stab: Sleeping          |       |     2 |     1 ||     3
         Confused          |       |     1 |     1 ||     2
         Invisible         |       |     1 |       ||     1
 Armour: Leather armour    |    22 |       |       ||    22
         Robe              |     9 |    79 |    80 ||   168
         Skin              |       |     7 |       ||     7
  Dodge: Dodged            |    19 |    67 |    42 ||   128

Table legend: (Time is in decaauts)
 A = Elapsed time spent in this place.
 B = Non-inter-level travel time spent in this place.
 C = Inter-level travel time spent in this place.
 D = Time resting spent in this place.
 E = Time spent auto-exploring this place.
 F = Levels seen in this place.
 G = Mean time per level.
                   A        B        C        D        E       F      G
               +--------+--------+--------+--------+--------+-----+--------+
         Total |   4834 |   4672 |    162 |    997 |   2679 |   5 |  966.8 |
       Dungeon |   4834 |   4672 |    162 |    997 |   2679 |   5 |  966.8 |
               +--------+--------+--------+--------+--------+-----+--------+

Top non-repeatable levels by time:
     D:3: 1653 daAuts
     D:4: 1298 daAuts
     D:2: 1035 daAuts
     D:1: 646 daAuts
     D:5: 200 daAuts
